 Dungeon Crawl Stone Soup version 0.29-a0-233-g1125b37a9b (webtiles) character file.

Game seed: 13722510251304264609

28 n8rtot the Blocker (level 3, 0/25 HPs)
             Began as a Gnoll Wanderer on Mar 1, 2022.
             Slain by an adder (1 damage)
             ... on level 2 of the Dungeon.
             The game lasted 00:07:20 (1532 turns).

n8rtot the Blocker (Gnoll Wanderer)                 Turns: 1532, Time: 00:07:22

Health: 0/25       AC:  3    Str: 13    XL:     3   Next: 14%
Magic:  7/7        EV: 10    Int: 12    God:
Gold:   43         SH:  5    Dex: 10    Spells: 6/7 levels left

rFire   + . .      SeeInvis .   a - +2 hand crossbow
rCold   . . .      Faith    .   b - +0 buckler
rNeg    . . .      Spirit   .   c - +0 leather armour
rPois   .          Reflect  .   (no helmet)
rElec   .          Harm     .   (no cloak)
rCorr   .          Rampage  .   (no gloves)
Will    .....                   (no boots)
Stlth   +.........              (no amulet)
HPRegen 0.08/turn               h - ring of protection from fire
MPRegen 0.10/turn               (no ring)

@: lethally poisoned (0 -> -5)
A: fangs 1, strong nose, distributed training
a: no special abilities


You were on level 2 of the Dungeon.
You visited 1 branch of the dungeon, and saw 2 of its levels.

You collected 43 gold pieces.

Inventory:

Hand Weapons
 a - a +2 hand crossbow (weapon)
Missiles
 f - 3 boomerangs
Armour
 b - a +0 buckler (worn)
 c - a +0 leather armour (worn)
Jewellery
 h - a ring of protection from fire (left hand)
Scrolls
 e - a scroll of magic mapping {unknown}
 g - 2 scrolls of noise {unknown}
 i - 2 scrolls of teleportation {unknown}
 k - a scroll of identify {unknown}
Potions
 d - a potion of degeneration {unknown}
 j - a potion of brilliance {unknown}
 l - a potion of mutation {unknown}


   Skills:
 + Level 0.6 Fighting
 + Level 0.6 Short Blades
 + Level 0.6 Long Blades
 + Level 0.6 Axes
 + Level 0.6 Maces & Flails
 + Level 0.6 Polearms
 + Level 0.6 Staves
 + Level 0.6 Slings
 + Level 0.6 Bows
 + Level 4.5 Crossbows
 + Level 0.6 Throwing
 + Level 0.6 Armour
 + Level 0.6 Dodging
 + Level 0.6 Stealth
 + Level 8.5 Shields
 + Level 0.6 Unarmed Combat
 + Level 2.8 Spellcasting
 + Level 0.4 Conjurations
 + Level 0.4 Hexes
 + Level 0.4 Summonings
 + Level 0.4 Necromancy
 + Level 0.4 Translocations
 + Level 0.4 Transmutations
 + Level 0.4 Fire Magic
 + Level 0.4 Ice Magic
 + Level 0.4 Air Magic
 + Level 0.4 Earth Magic
 + Level 5.4 Poison Magic
 + Level 0.8 Invocations
 + Level 0.6 Evocations


You had 6 spell levels left.
You knew the following spells:

 Your Spells              Type           Power      Damage    Failure   Level
a - Sting                 Tmut/Pois      32%        1d4       12%         1

Your spell library contained the following spells:

 Spells                   Type           Power      Damage    Failure   Level
 Ignite Poison            Fire/Tmut/Pois 6%         N/A       45%         3
 Frozen Ramparts          Ice            4%         1d2       67%         3
 Ice Form                 Ice/Tmut       2%         N/A       97%         4
 Summon Ice Beast         Ice/Summ       2%         N/A       97%         4
 Blade Hands              Tmut           1%         N/A       100%        5
 Irradiate                Conj/Tmut      1%         3d14      100%        5
 Dragon Form              Tmut           1%         N/A       100%        7


Dungeon Overview and Level Annotations

Branches:
Dungeon (2/15)

Altars:


Innate Abilities, Weirdness & Mutations

You have very sharp teeth.
Your uncanny sense of smell can sniff out nearby items.
Your experience applies equally to all skills.


Message History

Aim: a gnoll, wielding a +0 flail and wearing a +0 leather armour (moderately wounded, 65% to hit)
You shoot a bolt. The bolt hits the gnoll.
The gnoll is almost dead.
Shoot: a) +2 hand crossbow
Press: ? - help, Q - select action, (/) - cycle Shift-Dir - straight line, f/p - gnoll
Aim: a gnoll, wielding a +0 flail and wearing a +0 leather armour (moderately wounded, 65% to hit)
You shoot a bolt. The bolt misses the adder.
The bolt hits the gnoll.
The gnoll is almost dead.
The gnoll hits you from afar with a +0 spear.
The adder bites you.
You are poisoned.
The adder poisons you! The adder bites you.
Shoot: a) +2 hand crossbow
Press: ? - help, Q - select action, (/) - cycle Shift-Dir - straight line, f - adder
Aim: an adder (44% to hit)
You shoot a bolt. The bolt barely misses the adder.
The bolt hits the gnoll.
The gnoll is lightly wounded.
You feel sick. The adder misses you.
Shoot: a) +2 hand crossbow
Press: ? - help, Q - select action, (/) - cycle Shift-Dir - straight line, f/p - adder
Aim: an adder (44% to hit)
You shoot a bolt. The bolt hits the adder.
The adder is lightly wounded.
You feel sick. The adder closely misses you.
The gnoll hits you from afar with a +0 spear!
* * * LOW HITPOINT WARNING * * *
The adder bites you but does no damage.
Shoot: a) +2 hand crossbow
Press: ? - help, Q - select action, (/) - cycle Shift-Dir - straight line, f/p - adder
Aim: an adder (lightly wounded, 44% to hit)
You shoot a bolt. The bolt misses the adder.
The bolt closely misses the gnoll.
The bolt hits the gnoll.
The gnoll is heavily wounded.
You feel sick.
You are no longer poisoned.
The adder bites you.
* * * LOW HITPOINT WARNING * * *
You are lethally poisoned!
The adder poisons you! You block the gnoll's attack. The adder bites you.
You die...

###. .... ∆ ##...
....S ...... ≈..
.....g### .≈..
....ggS@# ...≈
....S##.# ... ...
#.## #.##
.....##..###...###
.................#
....####....###..
.. ##..#>..# ..#
......##.# ..#
..#.....#.#####
#.#


You could see 3 gnolls and 2 adders.

Vanquished Creatures
  2 dart slugs (D:1)
  3 bats (D:1)
  2 endoplasms (D:1)
  3 giant cockroaches (D:1)
  2 hobgoblins
  2 quokkas (D:1)
  A ball python (D:1)
  A frilled lizard (D:1)
  A goblin (D:2)
  4 kobolds (D:1)
  2 rats (D:1)
23 creatures vanquished.

Notes
Turn   | Place    | Note
-------+----------+-------------------------------------------
     0 | D:1      | n8rtot the Gnoll Wanderer began the quest for the Orb.
     0 | D:1      | n8rtot set off with the following items: a +2 hand
                  | crossbow, a +0 buckler, a +0 leather armour; and the
                  | following spell memorised: Sting; and the following spells
                  | available to memorise: Ignite Poison
     0 | D:1      | Reached XP level 1. HP: 13/13 MP: 4/4
   135 | D:1      | Reached XP level 2. HP: 19/19 MP: 5/5
  1027 | D:1      | Reached XP level 3. HP: 25/25 MP: 7/7
  1532 | D:2      | HP: 1/25 [adder (4)]
  1532 | D:2      | Slain by an adder

Illustrated notes

Levels and vault maps discovered:
D:1:      minmay_arrival_glassed_features, layout_loops_ring,
          chequers_serial_rivers_micro_b, minmay_cut_off
D:2:      cheibrodos_helix_gallery, layout_rooms, basic_altar,
          ebering_ecumenical_altar_mist, minmay_stone_trees_small

Action                   || total
-------------------------++-------
 Fire: Hand crossbow     ||    86
 Cast: Sting             ||     2
Armor: Leather armour    ||    17
Dodge: Dodged            ||    29
Block: Buckler           ||    22

Table legend: (Time is in decaauts)
 A = Elapsed time spent in this place.
 B = Non-inter-level travel time spent in this place.
 C = Inter-level travel time spent in this place.
 D = Time resting spent in this place.
 E = Time spent auto-exploring this place.
 F = Levels seen in this place.
 G = Mean time per level.
                   A        B        C        D        E       F      G
               +--------+--------+--------+--------+--------+-----+--------+
         Total |   1559 |   1559 |      0 |    499 |    669 |   2 |  779.5 |
       Dungeon |   1559 |   1559 |      0 |    499 |    669 |   2 |  779.5 |
               +--------+--------+--------+--------+--------+-----+--------+

Top non-repeatable levels by time:
     D:1: 1452 daAuts
     D:2: 107 daAuts
